 Seeded DCSS version 0.29.1-15-g9cfb28693d (webtiles) character file.

Game seed: 6320845443627075161 (custom seed)

875 Psyclone the Magician (level 7, 36/36 HPs)
             Began as a Deep Elf Fire Elementalist on Sept 23, 2023.
             Quit the game on level 8 of the Dungeon.
             The game lasted 00:12:10 (5353 turns).

Psyclone the Magician (Deep Elf Fire Elementalist)  Turns: 5353, Time: 00:12:10

Health: 36/36      AC:  3    Str:  5    XL:     7   Next: 74%
Magic:  26/26      EV: 12    Int: 22    God:
Gold:   92         SH:  0    Dex: 15    Spells: 5/17 levels left

rFire   . . .      SeeInvis .   b - +3 short sword
rCold   . . .      Faith    .   (no shield)
rNeg    . . .      Spirit   .   a - +0 robe
rPois   .          Reflect  .   m - +1 hat {Stlth+}
rElec   .          Harm     .   (no cloak)
rCorr   .          Rampage  .   (no gloves)
Will    .....                   (no boots)
Stlth   +++.......              (no amulet)
HPRegen 0.12/turn               p - ring of magical power
MPRegen 0.20/turn               (no ring)

@: no status effects
A: no striking features
a: no special abilities


You were on level 8 of the Dungeon.
You visited 1 branch of the dungeon, and saw 6 of its levels.

You collected 292 gold pieces.
You spent 200 gold pieces at shops.

Inventory:

Hand Weapons
 b - a +3 short sword (weapon)
Armour
 a - a +0 robe (worn)
 m - a +1 hat of stealth (worn)
Magical Staves
 h - a staff of air
Jewellery
 p - a ring of magical power (left hand)
 z - a +6 ring of dexterity
Wands
 n - a wand of flame (13)
 v - a wand of mindburst (10)
 C - a wand of digging (5)
Scrolls
 g - 4 scrolls of teleportation {unknown}
 j - 2 scrolls of magic mapping {unknown}
 l - 2 scrolls of vulnerability {unknown}
 o - 4 scrolls of identify {unknown}
 r - 2 scrolls of blinking {unknown}
 s - a scroll of noise {unknown}
 u - 2 scrolls of amnesia {unknown}
 w - a scroll of acquirement
 y - a scroll of enchant weapon {unknown}
 A - a scroll of poison {unknown}
 B - a scroll of brand weapon {unknown}
 D - a scroll of silence {unknown}
Potions
 c - a potion of magic
 d - 7 potions of curing {unknown}
 e - 3 potions of flight {unknown}
 f - a potion of haste {unknown}
 i - 3 potions of brilliance {unknown}
 k - a potion of resistance {unknown}
 q - 2 potions of might {unknown}
 t - 2 potions of lignification {unknown}
 x - a potion of degeneration {unknown}
 E - a potion of ambrosia {unknown}


   Skills:
 - Level 2.4 Dodging
 - Level 2.4 Stealth
 + Level 5.6 Spellcasting
 - Level 1.1 Conjurations
 + Level 5.2 Fire Magic
 + Level 5.1 Ice Magic
 + Level 3.4 Air Magic
 * Level 3.4 Poison Magic


You had 5 spell levels left.
You knew the following spells:

 Your Spells              Type           Power      Damage    Failure   Level
a - Foxfire               Conj/Fire      80%        2x1d8     2%          1
b - Frozen Ramparts       Ice            58%        1d9       3%          3
c - Conjure Flame         Conj/Fire      20%        6-21      8%          3
r - Swiftness             Air            21%        N/A       7%          3
v - Poisonous Vapours     Pois/Air       42%        N/A       3%          2

Your spell library contained the following spells:

 Spells                   Type           Power      Damage    Failure   Level
 Freeze                   Ice            100%       1d11      1%          1
 Scorch                   Fire           58%        2d8       1%          2
 Sting                    Tmut/Pois      52%        1d5       4%          1
 Static Discharge         Conj/Air       16%        3-5/arc   5%          2
 Inner Flame              Hex/Fire       17%        N/A       10%         3
 Olgreb's Toxic Radiance  Pois           21%        N/A       22%         4
 Flame Wave               Conj/Fire      20%        2d7       26%         4
 Hailstorm                Conj/Ice       20%        3d6       26%         4


Dungeon Overview and Level Annotations

Branches:
Dungeon (5/15) Zot: 26992
 Temple: D:4-7

Altars:
Elyvilon
Hepliaklqana
Ru
Wu Jian
Xom

Shops:
D:2 :

Annotations:
D:3 1 runed translucent door, 1 exclusion


Message History

Casting: Poisonous Vapours (safe; 3% risk of failure)
Confirm with . or Enter, or press ? or * to list all spells.
Aiming: Poisonous Vapours (safe; 3% risk of failure)
Press: ? - help, Dir - move target, f/p - iguana
Aim: an iguana (poisoned) Poisonous vapours surround the iguana!
The iguana looks even sicker.
You now have 15/26 mp.
Casting: Poisonous Vapours (safe; 3% risk of failure)
Confirm with . or Enter, or press ? or * to list all spells.
Aiming: Poisonous Vapours (safe; 3% risk of failure)
Press: ? - help, Dir - move target, f/p - iguana
Aim: an iguana (moderately wounded, very poisoned) Poisonous vapours surround the iguana!
The iguana looks as sick as possible!
You now have 13/26 mp.
Casting: Poisonous Vapours (safe; 3% risk of failure)
Confirm with . or Enter, or press ? or * to list all spells.
Casting: Frozen Ramparts (dangerous; 3% risk of failure)
Press: ? - help, Dir - look around, f - activate The walls around you are covered in ice.
The wall freezes the iguana.
The iguana seems to slow down.
You now have 10/26 mp.
The wall freezes the iguana!
You kill the iguana!
The frozen ramparts melt away.
Magic restored.
d - 6 murky black potions (gained 1)
You now have 87 gold pieces (gained 10).
Found 6 poisoned darts.
MP restored: 26
d - 7 murky black potions (gained 1)
Found a leather armour.
A sourceless malevolence fills the Dungeon...
You fall into a shaft and drop 3 floors!
The shaft crumbles and collapses.
You hear the roar of battle.
There is an entrance to a bailey on this level.
Hurry and find it before the portal closes forever!
Found 5 gold pieces and a green potion.
You now have 92 gold pieces (gained 5).
E - a green potion Are you sure you want to abandon this character and quit the game? (Confirm with "yes".)

... .##
####.###..##
........#..##
#...........#
#######..#.####
###.#....#
#.......#
#.......#
#...@...#
#########


There were no monsters in sight!

Vanquished Creatures
  Edmund (D:5)
  A black bear (D:5)
  An ogre (D:5)
  A bullfrog (D:5)
  A necrophage (D:4)
  A scorpion (D:5)
  A howler monkey (D:4)
  2 hounds
  3 orc priests
  Ijyb (D:4)
  An iguana (D:5)
  2 orc wizards (D:3)
  5 adders
  A worm (D:4)
  5 dart slugs
  13 orcs
  7 ball pythons
  2 endoplasms (D:4)
  A giant cockroach (D:4)
  7 goblins
  3 hobgoblins
  3 quokkas
  5 bats
  A frilled lizard (D:3)
  5 kobolds
  2 rats
76 creatures vanquished.

Vanquished Creatures (others)
  324 foxfires
  2 fungi (D:3)
326 creatures vanquished.

Grand Total: 402 creatures vanquished

Notes
Turn   | Place    | Note
-------+----------+-------------------------------------------
     0 | D:1      | Psyclone the Deep Elf Fire Elementalist began the quest for
                  | the Orb.
     0 | D:1      | Reached XP level 1. HP: 10/10 MP: 6/6
    89 | D:2      | Reached skill level 1 in Ice Magic
   118 | D:2      | Identified a scroll of acquirement
   118 | D:2      | Acquired the Almanac of Vapour
   744 | D:2      | Found Weil's Book Boutique.
   751 | D:2      | Reached XP level 2. HP: 15/15 MP: 5/8
   797 | D:2      | Found a faded altar of an unknown god.
  1785 | D:3      | Reached XP level 3. HP: 19/19 MP: 9/9
  1789 | D:3      | Learned a level 3 spell: Frozen Ramparts
  1793 | D:3      | Learned a level 3 spell: Conjure Flame
  1973 | D:3      | Found an ornate altar of the Wu Jian Council.
  2055 | D:3      | Reached XP level 4. HP: 24/24 MP: 11/11
  2132 | D:3      | Reached skill level 1 in Air Magic
  2544 | D:3      | Found a runed translucent door.
  3012 | D:4      | Reached XP level 5. HP: 28/28 MP: 12/12
  3242 | D:4      | Noticed Ijyb
  3250 | D:4      | Killed Ijyb
  3377 | D:4      | Found a white marble altar of Elyvilon.
  3385 | D:4      | Found a shimmering altar of Xom.
  3386 | D:4      | Found a hazy altar of Hepliaklqana.
  3387 | D:4      | Noticed a spectral ugly thing
  3396 | D:4      | Reached XP level 6. HP: 32/32 MP: 14/14
  3617 | D:4      | Found a sacrificial altar of Ru.
  4138 | D:4      | Learned a level 3 spell: Swiftness
  4179 | D:2      | Bought a Young Poisoner's Handbook for 200 gold pieces
  4182 | D:2      | Learned a level 2 spell: Poisonous Vapours
  4226 | D:5      | Entered Level 5 of the Dungeon
  4355 | D:5      | Reached skill level 1 in Poison Magic
  4469 | D:5      | Reached skill level 5 in Spellcasting
  4469 | D:5      | Reached XP level 7. HP: 36/36 MP: 16/16
  4910 | D:5      | Reached skill level 5 in Fire Magic
  4910 | D:5      | Reached skill level 5 in Ice Magic
  4910 | D:5      | Noticed Edmund
  4930 | D:5      | Killed Edmund
  5345 | D:5      | You fall into a shaft and drop 3 floors!
  5353 | D:8      | Quit the game

Illustrated notes

Levels and vault maps discovered:
D:1:      dpeg_arrival_lava_temple_mockup, layout_basic
D:2:      layout_loops_ring, shapermc_ecumenical_altar_starsandcircs,
          serial_shops, nicolae_shop_window_shopping
D:3:      layout_loops_ring, pdpol_wu_jian_five_deadly_venoms, corexii_shack,
          uniq_crazy_yiuf_cottage
D:4:      layout_basic, regret_index_temple_of_mockery, hangedman_ru_absence,
          lemuel_tele_altar, uniq_ijyb
D:5:      layout_loops_cross, uniq_edmund
D:8:      layout_rooms, kennysheep_mini, enter_bailey_8, serial_nicolae_subway,
          nicolae_sub_station_metal, nicolae_sub_station_stone,
          nicolae_sub_station_crystal

Skill      XL: |  1  2  3  4  5  6  7 |
---------------+----------------------+-----
Ice Magic      | 1 3 4 5 |  5.1
Air Magic      | 1 2 3 |  3.4
Spellcasting   | 4 5 |  5.6
Fire Magic     | 4 5 |  5.2
Poison Magic   | 1 3 |  3.4
Dodging        | |  2.4
Stealth        | |  2.4
Conjurations   | |  1.1

Action                   |  1- 3 |  4- 6 |  7- 9 || total
-------------------------+-------+-------+-------++-------
Melee: Short sword       |     4 |    19 |     7 ||    30
       Punch             |       |       |     1 ||     1
 Cast: Foxfire           |    63 |   105 |    20 ||   188
       Frozen Ramparts   |     2 |    13 |     6 ||    21
       Poisonous Vapours |       |     3 |     8 ||    11
       Swiftness         |       |       |     1 ||     1
  Use: Scroll            |     1 |       |       ||     1
Armor: Robe              |     1 |    10 |     2 ||    13
Dodge: Dodged            |     4 |    21 |     7 ||    32
